 Dungeon Crawl Stone Soup version 0.26.1-11-gd32895ea62 (webtiles) character file.

Game seed: 10535252538548449663

9666 ubername the Frost Mage (level 11, -6/81 HPs)
             Began as a Barachi Ice Elementalist on July 10, 2021.
             Was a Priest of Vehumet.
             Mangled by Erolcha
             ... wielding a +6 giant club
              (10 damage)
             ... on level 11 of the Dungeon.
             The game lasted 00:54:44 (15472 turns).

ubername the Frost Mage (Barachi Ice Elementalist) Turns: 15472, Time: 00:54:46

Health: -6/81      AC: 18    Str:  9    XL:     11   Next: 50%
Magic:  0/24       EV: 14    Int: 19    God:    Vehumet [***...]
Gold:   537        SH:  0    Dex: 13    Spells: 8/28 levels left

rFire    . . .     SeeInvis .   a - +2 short sword (holy)
rCold    . . .     Faith    .   (no shield)
rNeg     . . .     Spirit   +   g - +0 robe
rPois    .         Reflect  .   z - +1 helmet
rElec    .         Harm     .   w - +1 cloak
rCorr    .         Rampage  +   v - +0 pair of gloves
Will     +....                  c - +0 pair of boots {rampage}
Stlth    ++........             h - amulet of guardian spirit
HPRegen  0.23/turn              B - ring of wizardry
MPRegen  0.19/turn              x - ring of willpower

@: brilliant, icy armour, frozen ramparts, slow
A: +LOS, swims, molten scales 1, blink, deformed body, slowness 1, strong legs 1
a: Hop, Blink, Renounce Religion


You were on level 11 of the Dungeon.
You worshipped Vehumet.
Vehumet was most pleased with you.
You visited 2 branches of the dungeon, and saw 12 of its levels.

You collected 635 gold pieces.
You spent 98 gold pieces at shops.

Inventory:

Hand Weapons
 a - a +2 short sword of holy wrath (weapon)
 b - a +1 hunting sling of freezing
 j - a +1 mace of holy wrath
 y - a +5 mace of protection
 E - a +0 dagger
Missiles
 d - 301 stones
 m - 47 poisoned darts (quivered)
 D - 29 sling bullets
 O - 12 boomerangs
 U - 6 javelins
Armour
 c - a +0 pair of boots of rampaging (worn)
 g - a +0 robe (worn)
 v - a +0 pair of gloves (worn)
 w - a +1 cloak (worn)
 z - a +1 helmet (worn)
Jewellery
 h - an amulet of guardian spirit (around neck)
 l - an uncursed ring of protection from cold {unknown}
 p - an uncursed ring of positive energy
 x - a ring of willpower (right hand)
 B - a ring of wizardry (left hand)
 G - an uncursed ring of stealth {unknown}
 H - a cursed -4 ring of strength {unknown}
 J - an uncursed ring of flight {unknown}
Wands
 i - a wand of flame (19)
 k - a wand of paralysis (13)
 n - a wand of random effects (16)
 u - a wand of iceblast (17)
 F - a wand of disintegration (11)
 K - a wand of enslavement (8)
Scrolls
 e - 7 scrolls of remove curse
 f - a scroll of teleportation
 o - 3 scrolls of amnesia
 q - 3 scrolls of magic mapping
Potions
 r - 4 potions of brilliance
 s - 5 potions of haste
 t - 7 potions of might
 C - a potion of berserk rage
 T - a potion of resistance


   Skills:
 - Level 6.0 Fighting
 - Level 5.0 Short Blades
 + Level 7.2(7.4) Slings
 + Level 1.9(5.0) Throwing
 + Level 5.1 Dodging
 + Level 3.4 Stealth
 + Level 9.4 Spellcasting
 - Level 1.4 Conjurations
 * Level 2.4 Fire Magic
 + Level 11.2 Ice Magic
 * Level 2.0 Air Magic
 * Level 2.0 Earth Magic
 * Level 1.5 Poison Magic
 + Level 0.5 Evocations


You had 8 spell levels left.
You knew the following spells:

 Your Spells              Type           Power        Failure   Level
a - Freeze                Ice            100%         1%          1
b - Frozen Ramparts       Ice            100%         1%          3
c - Ozocubu's Armour      Ice            67%          1%          3
d - Hailstorm             Conj/Ice       49%          1%          4
e - Summon Ice Beast      Ice/Summ       45%          3%          4
f - Sandblast             Erth           50%          1%          1
g - Foxfire               Conj/Fire      96%          1%          1
h - Mephitic Cloud        Conj/Pois/Air  22%          1%          3

Your spell library contained the following spells:

 Spells                   Type           Power        Failure   Level
 Inner Flame              Hex/Fire       20%          1%          3
 Corona                   Hex            14%          3%          1
 Slow                     Hex            13%          4%          2
 Portal Projectile        Hex/Tloc       26%          10%         3
 Leda's Liquefaction      Hex/Erth       9%           21%         4
 Cause Fear               Hex            6%           30%         4


Dungeon Overview and Level Annotations

Branches:
Dungeon (11/15)            Temple (1/1) D:4            Lair (0/6) D:9
    Orc (0/2) D:9

Altars:
Ashenzari
Cheibriados
Dithmenos
Elyvilon
Fedhas
Gozag
Hepliaklqana
Kikubaaqudgha
Makhleb
Nemelex Xobeh
Okawaru
Qazlal
Ru
Sif Muna
Trog
Uskayaw
Vehumet
Wu Jian
Xom
Yredelemnul
Zin
The Shining One

Shops:
D:4 [   D:10 =   D:11 =

Annotations:
D:11 Erolcha


Innate Abilities, Weirdness & Mutations

You can be seen from farther away. (+LOS)
You can swim through water.
You cover ground slowly.
You can hop short distances.
You are partially covered in molten scales. (AC +2)
You can translocate small distances at will.
Armour fits poorly on your strangely shaped body.


Message History

Unknown command.
Aiming: Throw Flame
Press: ? - help, Shift-Dir - straight line, f/p - Erolcha
Aim: Erolcha, wielding a +6 giant club and wearing a +0 robe (severely wounded, fast, 19% to evade)
Okay, then.
Unknown command.
Casting: Freeze (safe; 1% risk of failure)
Confirm with . or Enter, or press ? or * to list all spells.
Okay, then.
Unknown command.
Okay, then.
Unknown command.
Okay, then.
Unknown command.
Aiming: Random Effects
Press: ? - help, Shift-Dir - straight line, f/p - Erolcha
Aim: Erolcha, wielding a +6 giant club and wearing a +0 robe (severely wounded, fast) Erolcha seems to slow down.
The wall freezes Erolcha!
Erolcha hits you with a +6 giant club!
You die...

...... .............. O...
#######....... .... #....... ...
#....... ..# ######## ######.##
#.. ....O...# ####.# .......)#
#############..... ........#
#@............###.
..(.....########O###########...#.
.......†O........# ###.#.
........########## #.#.#.
........# #.#.#. ........# #.....
........# ##.### ........# #.#
######.## #.###


You could see Erolcha (fast, slow).

Vanquished Creatures
  A two-headed ogre (D:10)
  Urug (D:11)
  An unseen horror (D:10)
  A gargoyle (D:11)
  2 centaur skeletons
  2 trolls (D:9)
  3 shadows (D:9)
  Sigmund (D:2)
  A wraith (D:11)
  8 yaks
  A wyvern (D:11)
  3 water moccasins
  3 orc warriors
  3 sky beasts
  An ice beast (D:6)
  A necrophage (D:11)
  4 centaurs
  2 ogres
  2 wolves (D:9)
  A big kobold (D:9)
  A bullfrog (D:6)
  A wyvern zombie (D:7)
  4 scorpions
  A wyvern skeleton (D:7)
  14 killer bees
  8 wights
  3 electric eels (D:9)
  3 howler monkeys
  2 centaur zombies
  7 hounds
  3 bullfrog skeletons
  11 orc priests
  3 iguanas
  6 orc wizards
  Natasha (thrice) (D:2)
  13 worker ants
  5 ogre zombies (D:9)
  2 hound zombies
  Robin (D:4)
  9 adders
  2 shadow imps
  3 white imps
  An ufetubus (D:10)
  An ooze (D:5)
  4 worms
  6 dart slugs
  5 leopard geckos
  38 orcs
  8 bats
  5 giant cockroaches
  13 goblins
  6 hobgoblins
  17 jackals
  12 kobolds
  5 quokkas
  A ball python (D:4)
  4 frilled lizards
  A goblin skeleton (D:9)
  A goblin zombie (D:9)
  A hobgoblin skeleton (D:9)
  A hobgoblin zombie (D:9)
  A leopard gecko zombie (D:7)
  15 orc zombies (D:9)
  6 rats
299 creatures vanquished.

Vanquished Creatures (others)
  36 foxfires
  4 plants (D:2)
40 creatures vanquished.

Grand Total: 339 creatures vanquished

Notes
Turn   | Place    | Note
-------+----------+-------------------------------------------
     0 | D:1      | ubername the Barachi Ice Elementalist began the quest for
                  | the Orb.
     0 | D:1      | Reached XP level 1. HP: 13/13 MP: 3/3
   147 | D:1      | Reached skill level 5 in Ice Magic
   249 | D:1      | You fall into a shaft and drop 1 floor!
   256 | D:2      | Reached XP level 2. HP: 19/19 MP: 5/5
   317 | D:2      | Found a shimmering altar of Xom.
   530 | D:1      | Reached XP level 3. HP: 24/24 MP: 3/6
   534 | D:1      | Learned a level 3 spell: Frozen Ramparts
   538 | D:1      | Learned a level 3 spell: Ozocubu's Armour
  1344 | D:2      | Reached XP level 4. HP: 30/30 MP: 4/8
  1454 | D:2      | Reached skill level 1 in Throwing
  1454 | D:2      | Reached skill level 6 in Ice Magic
  1952 | D:2      | Noticed Sigmund
  1975 | D:2      | Killed Sigmund
  1976 | D:2      | Reached skill level 1 in Short Blades
  1976 | D:2      | Reached XP level 5. HP: 26/36 MP: 1/10
  1976 | D:2      | Reached XP level 6. HP: 30/42 MP: 1/11
  2316 | D:2      | Found a shadowy altar of Dithmenos.
  2362 | D:2      | Reached skill level 7 in Ice Magic
  2387 | D:2      | Noticed Natasha
  2392 | D:2      | Killed Natasha
  2445 | D:2      | Found a faded altar of an unknown god.
  2839 | D:2      | Noticed Natasha
  2847 | D:2      | Killed Natasha
  3010 | D:2      | Noticed Natasha
  3017 | D:2      | Killed Natasha
  3192 | D:3      | Reached XP level 7. HP: 41/47 MP: 5/13
  4119 | D:3      | Reached skill level 1 in Slings
  4193 | D:4      | Found a staircase to the Ecumenical Temple.
  4221 | Temple   | Entered the Ecumenical Temple
  4564 | D:4      | Reached skill level 1 in Fighting
  4744 | D:4      | Reached skill level 5 in Spellcasting
  4910 | D:4      | Gained mutation: Armour fits poorly on your strangely
                  | shaped body. [potion of mutation]
  4910 | D:4      | Gained mutation: You are partially covered in molten
                  | scales. (AC +2) [potion of mutation]
  4910 | D:4      | Gained mutation: You can translocate small distances at
                  | will. [potion of mutation]
  4927 | D:4      | Found Vepuira's Armour Shop.
  4933 | D:4      | Bought a +0 pair of gloves for 49 gold pieces
  4933 | D:4      | Bought a +0 cloak for 49 gold pieces
  5111 | D:4      | Noticed Robin
  5121 | D:4      | Killed Robin
  5415 | D:5      | Entered Level 5 of the Dungeon
  5428 | D:5      | Reached XP level 8. HP: 46/57 MP: 7/15
  5759 | D:5      | Found a blossoming altar of Fedhas.
  5955 | D:5      | Learned a level 4 spell: Hailstorm
  5960 | D:5      | Learned a level 4 spell: Summon Ice Beast
  5972 | D:5      | Reached skill level 8 in Ice Magic
  5997 | D:5      | Found a burning altar of Makhleb.
  6951 | D:6      | Reached XP level 9. HP: 65/65 MP: 17/17
  6965 | D:6      | Reached skill level 5 in Slings
  7082 | D:6      | Found an iron altar of Okawaru.
  7477 | D:7      | Found a basalt altar of Yredelemnul.
  8631 | D:8      | Found an opulent altar of Gozag.
  8631 | D:8      | Found an ancient bone altar of Kikubaaqudgha.
  8639 | D:8      | Found a faded altar of an unknown god.
  8641 | D:8      | Found a radiant altar of Vehumet.
  8643 | D:8      | Found a white marble altar of Elyvilon.
  8647 | D:8      | Became a worshipper of Vehumet
  8843 | D:8      | Found a shimmering blue altar of Sif Muna.
  8909 | D:8      | Reached skill level 9 in Ice Magic
  9355 | D:8      | Got a steaming quarterstaff
 10090 | D:9      | Noticed a troll
 10165 | D:9      | Reached skill level 5 in Fighting
 10335 | D:9      | Reached XP level 10. HP: 22/74 MP: 4/21
 10603 | D:9      | Found a staircase to the Lair.
 10831 | D:9      | Reached * piety under Vehumet
 10831 | D:9      | Offered knowledge of Sandblast by Vehumet.
 10963 | D:9      | Found an iron altar of Okawaru.
 11145 | D:9      | Learned a level 1 spell: Sandblast
 11256 | D:9      | Found a glowing golden altar of the Shining One.
 11974 | D:9      | Found a staircase to the Orcish Mines.
 11998 | D:9      | Reached ** piety under Vehumet
 12019 | D:9      | Offered knowledge of Foxfire by Vehumet.
 12038 | D:9      | Learned a level 1 spell: Foxfire
 12097 | D:9      | Reached skill level 10 in Ice Magic
 12714 | D:10     | Entered Level 10 of the Dungeon
 12990 | D:10     | Reached skill level 1 in Earth Magic
 13078 | D:10     | Killed an unseen horror
 13703 | D:10     | Offered knowledge of Mephitic Cloud by Vehumet.
 13727 | D:10     | Reached skill level 1 in Conjurations
 13727 | D:10     | Reached XP level 11. HP: 70/81 MP: 20/24
 13853 | D:10     | Noticed a two-headed ogre
 13862 | D:10     | Killed a two-headed ogre
 14088 | D:10     | Reached skill level 5 in Short Blades
 14120 | D:10     | Found Wahiep's Jewellery Boutique.
 14243 | D:11     | Learned a level 3 spell: Mephitic Cloud
 14278 | D:11     | Reached skill level 1 in Fire Magic
 14291 | D:11     | Reached skill level 11 in Ice Magic
 14305 | D:11     | Reached *** piety under Vehumet
 14639 | D:11     | Found Qosaczei's Jewellery Shoppe.
 14719 | D:11     | Noticed Urug
 14749 | D:11     | Killed Urug
 14750 | D:11     | Reached skill level 1 in Air Magic
 14750 | D:11     | Reached skill level 1 in Poison Magic
 14821 | D:11     | Reached skill level 5 in Dodging
 15140 | D:11     | Identified the cursed +1 quarterstaff of Meicras {flame,
                  | *Corrode +Inv Dex+5} (You found it on level 8 of the
                  | Dungeon)
 15431 | D:11     | Noticed Erolcha
 15471 | D:11     | HP: 3/81 [Erolcha/+6 giant club (27)]
 15472 | D:11     | Mangled by Erolcha

Illustrated notes

Levels and vault maps discovered:
D:1:      onia_arrival_mini_maze_b, layout_basic, minmay_crystal_water
D:2:      layout_basic, lemuel_crystal_altar, lemuel_round_altar,
          chequers_ecumenical_altar_lobes, uniq_sigmund, uniq_natasha
D:3:      layout_basic, serial_glass, glass_columns_a, glass_columns_a
D:4:      layout_loops_cross, minmay_temple_entry_mist, serial_shops,
          shop_fountains, st_stairs_5, uniq_robin
D:5:      layout_rooms, fedhas_altar_1, lemuel_doored_altar
D:6:      layout_cave_pools, okawaru_metal_pillars_1_2
D:7:      layout_basic, yredelemnul_altar_generic,
          hangedman_decor_diamond_cutter
D:8:      layout_basic, chequers_temple_overflow_minitemple, marbit_many_paths
D:9:      layout_irregular_city, grunt_temple_overflow_open, erik_lair_island,
          zombieorc1_lemuel
D:10:     layout_loops_ring, enter_bailey_5, serial_shops, shop
D:11:     layout_roguey, serial_shops,
          nicolae_shop_temple_entry_statues_fountains, uniq_nergalle,
          uniq_erolcha, uniq_urug
Temple:   dpeg_chambers_temple

Skill      XL: |  1  2  3  4  5  6  7  8  9 10 11 |
---------------+----------------------------------+-----
Ice Magic      | 5 6 7 8 9 10 11 | 11.2
Throwing       | 1 |  1.9
Short Blades   | 1 3 4 5 |  5.0
Stealth        | 2 3 |  3.4
Spellcasting   | 3 4 5 7 9 |  9.4
Slings         | 2 4 6 7 |  7.2
Fighting       | 2 3 5 6 |  6.0
Dodging        | 3 4 5 |  5.1
Earth Magic    | 1 2 |  2.0
Conjurations   | 1 |  1.4
Fire Magic     | 2 |  2.4
Air Magic      | 2 |  2.0
Poison Magic   | 1 |  1.5
Evocations     | |  0.5

Action                   |  1- 3 |  4- 6 |  7- 9 | 10-12 || total
-------------------------+-------+-------+-------+-------++-------
Melee: Dagger            |    25 |    36 |    66 |       ||   127
       Short sword       |       |       |    56 |   259 ||   315
 Fire: Hunting sling     |       |    27 |   239 |    41 ||   307
Throw: Stone             |    60 |     9 |     5 |       ||    74
       Dart              |       |       |       |    18 ||    18
 Cast: Freeze            |    19 |     4 |     9 |     9 ||    41
       Frozen Ramparts   |     6 |    16 |    52 |    30 ||   104
       Ozocubu's Armour  |     2 |    10 |    29 |    22 ||    63
       Hailstorm         |       |       |     3 |    18 ||    21
       Summon Ice Beast  |       |       |     1 |     2 ||     3
       Sandblast         |       |       |       |    21 ||    21
       Foxfire           |       |       |       |    22 ||    22
       Mephitic Cloud    |       |       |       |     1 ||     1
 Abil: Hop               |       |       |     6 |     1 ||     7
       Blink             |       |       |       |     2 ||     2
Evoke: Wand              |       |       |     3 |     2 ||     5
  Use: Potion            |       |     1 |     7 |    10 ||    18
       Scroll            |       |       |    15 |     8 ||    23
 Stab: Sleeping          |     1 |       |     1 |     1 ||     3
       Distracted        |       |     1 |       |       ||     1
Armor: Robe              |     8 |    16 |    52 |   122 ||   198
Dodge: Dodged            |    23 |    17 |   145 |   153 ||   338
